 Dungeon Crawl Stone Soup version 0.26.1-11-gd32895ea62 (webtiles) character file.

Game seed: 11335481638060077916

695 FishyPogo the Scholar of Death (level 7, -1/51 HPs)
             Began as a Gnoll Necromancer on June 24, 2021.
             Was a Follower of Kikubaaqudgha.
             Killed by divine providence
             ... invoked by an orc priest
              (15 damage)
             ... on level 6 of the Dungeon.
             The game lasted 00:12:34 (3560 turns).

FishyPogo the Scholar of Death (Gnoll Necromancer)  Turns: 3560, Time: 00:12:36

Health: -1/51      AC:  3    Str: 10    XL:     7   Next: 64%
Magic:  10/15      EV: 15    Int: 20    God:    Kikubaaqudgha [*.....]
Gold:   145        SH:  0    Dex: 15    Spells: 5/17 levels left

rFire    . . .     SeeInvis .   b - +6 dagger (venom)
rCold    . . .     Faith    .   (no shield)
rNeg     . . .     Spirit   .   a - +0 robe
rPois    +         Reflect  .   h - +0 helmet
rElec    .         Harm     .   (no cloak)
rCorr    .         Rampage  .   (no gloves)
Will     .....                  (no boots)
Stlth    +++.......             (no amulet)
HPRegen  0.17/turn              l - ring of poison resistance
MPRegen  0.14/turn              (no ring)

@: no status effects
A: distributed training, fangs 1, strong nose
a: Renounce Religion, Receive Corpses


You were on level 6 of the Dungeon.
You worshipped Kikubaaqudgha.
Kikubaaqudgha was aware of your devotion.
You visited 1 branch of the dungeon, and saw 6 of its levels.

You collected 145 gold pieces.

Inventory:

Hand Weapons
 b - a +6 dagger of venom (weapon)
 q - a +2 vampiric short sword
Missiles
 c - 45 poisoned darts
 j - 24 stones
Armour
 a - a +0 robe (worn)
 h - a +0 helmet (worn)
Jewellery
 l - a ring of poison resistance (left hand)
Scrolls
 d - 3 scrolls of identify
 e - 2 scrolls of remove curse
 i - a scroll of blinking {unknown}
 m - a scroll of teleportation
 n - a scroll of fear
 r - 2 scrolls of amnesia
Potions
 f - 3 potions of curing
 g - 2 potions of invisibility
 o - 2 potions of attraction {unknown}
 p - a potion of flight {unknown}
 s - a potion of magic {unknown}


   Skills:
 + Level 2.6 Fighting
 + Level 2.6 Short Blades
 + Level 2.6 Long Blades
 + Level 2.6 Axes
 + Level 2.6 Maces & Flails
 + Level 2.6 Polearms
 + Level 2.6 Staves
 + Level 2.6 Slings
 + Level 2.6 Bows
 + Level 2.6 Crossbows
 + Level 2.6 Throwing
 + Level 2.6 Armour
 + Level 5.3 Dodging
 + Level 5.0 Stealth
 + Level 2.6 Shields
 + Level 2.6 Unarmed Combat
 + Level 5.7 Spellcasting
 + Level 2.1 Conjurations
 + Level 2.1 Hexes
 + Level 2.1 Summonings
 + Level 7.4 Necromancy
 + Level 2.1 Translocations
 + Level 2.1 Transmutations
 + Level 2.1 Fire Magic
 + Level 2.1 Ice Magic
 + Level 2.1 Air Magic
 + Level 2.1 Earth Magic
 + Level 2.1 Poison Magic
 + Level 2.9 Invocations
 + Level 2.6 Evocations


You had 5 spell levels left.
You knew the following spells:

 Your Spells              Type           Power        Failure   Level
a - Pain                  Necr           100%         1%          1
b - Vampiric Draining     Necr           17%          1%          3
c - Agony                 Necr           35%          14%         5
d - Sublimation of Blood  Necr           17%          1%          2
u - Animate Skeleton      Necr           70%          1%          1

Your spell library contained the following spells:

 Spells                   Type           Power        Failure   Level
 Corpse Rot               Necr/Air       N/A          2%          2
 Animate Dead             Necr           17%          4%          4


Dungeon Overview and Level Annotations

Branches:
Dungeon (6/15)
 Temple: D:4-7

Altars:
Cheibriados
Kikubaaqudgha
Uskayaw
Wu Jian
Yredelemnul


Innate Abilities, Weirdness & Mutations

Your experience applies equally to all skills.
You have very sharp teeth.
Your uncanny sense of smell can sniff out nearby items.


Message History

Confirm with . or Enter, or press ? or * to list all spells.
Aiming: Pain (safe; 1% risk of failure)
Press: ? - help, Shift-Dir - straight line, f - bullfrog
Aim: a bullfrog (chance to affect: 84%)
The bullfrog writhes in agony!
The orc priest calls down the wrath of Beogh upon you.
Beogh smites you!
You puncture the orc!
You kill the orc!
Kikubaaqudgha accepts your kill.
The orc priest calls down the wrath of Beogh upon you.
Beogh smites you!
* * * LOW HITPOINT WARNING * * *
You hit the bullfrog.
The bullfrog is severely wounded.
The bullfrog closely misses you.
The orc priest invokes the aid of Beogh against you.
Beogh smites you!
You die...
Kikubaaqudgha rasps: "You have failed me!
Welcome... death!"

#.......##.............#####
##.....................#
#.#####.#...........).# #.#
#............[....#
#####'###.#...#.#...###...#
#.......#.#.....##.## #...#
#.......#.#.##.###.# #...#
#.......#.#.##.# #.# #...#
#.......#.#.##@# #.# ##
#.......#.#.##F# #+#
#.......'.#.##..
#.......###.##..) #.......#
#.##.o.. #.......# #.##.....
#.......# #<..... #########
##......


You could see a bullfrog and an orc priest.

Vanquished Creatures
  A human (D:3)
  A phantom (D:3)
  An orc warrior (D:6)
  2 bullfrogs (D:6)
  A wyvern zombie (D:6)
  A bullfrog skeleton (D:4)
  An orc priest (D:6)
  An iguana (D:4)
  A worker ant zombie (D:6)
  3 adders
  An ooze (D:3)
  2 worms (D:2)
  9 orcs
  4 giant cockroaches
  9 goblins
  9 hobgoblins
  3 kobolds
  A quokka (D:3)
  10 bats
  3 frilled lizards (D:1)
  A jackal skeleton (D:3)
  A jackal zombie (D:3)
  3 rats
69 creatures vanquished.

Vanquished Creatures (collateral kills)
  An orc (D:4)
1 creature vanquished.

Grand Total: 70 creatures vanquished

Notes
Turn   | Place    | Note
-------+----------+-------------------------------------------
     0 | D:1      | FishyPogo the Gnoll Necromancer began the quest for the
                  | Orb.
     0 | D:1      | Reached XP level 1. HP: 13/13 MP: 6/6
    82 | D:1      | Learned a level 1 spell: Animate Skeleton
   130 | D:2      | Reached XP level 2. HP: 17/19 MP: 5/7
   433 | D:3      | Noticed a phantom
   503 | D:4      | Found an ancient bone altar of Kikubaaqudgha.
   506 | D:4      | Became a worshipper of Kikubaaqudgha
   516 | D:4      | Reached skill level 5 in Spellcasting
   516 | D:4      | Reached skill level 1 in Invocations
   516 | D:4      | Reached XP level 3. HP: 21/25 MP: 3/9
   600 | D:4      | Reached skill level 1 in Fighting
   600 | D:4      | Reached skill level 1 in Short Blades
   600 | D:4      | Reached skill level 1 in Long Blades
   600 | D:4      | Reached skill level 1 in Axes
   600 | D:4      | Reached skill level 1 in Maces & Flails
   600 | D:4      | Reached skill level 1 in Polearms
   600 | D:4      | Reached skill level 1 in Staves
   600 | D:4      | Reached skill level 1 in Slings
   600 | D:4      | Reached skill level 1 in Bows
   600 | D:4      | Reached skill level 1 in Crossbows
   600 | D:4      | Reached skill level 1 in Throwing
   600 | D:4      | Reached skill level 1 in Armour
   600 | D:4      | Reached skill level 1 in Shields
   600 | D:4      | Reached skill level 1 in Unarmed Combat
   600 | D:4      | Reached skill level 1 in Evocations
   624 | D:4      | Reached XP level 4. HP: 18/32 MP: 9/11
   645 | D:3      | Reached skill level 1 in Conjurations
   645 | D:3      | Reached skill level 1 in Hexes
   645 | D:3      | Reached skill level 1 in Summonings
   645 | D:3      | Reached skill level 1 in Translocations
   645 | D:3      | Reached skill level 1 in Transmutations
   645 | D:3      | Reached skill level 1 in Fire Magic
   645 | D:3      | Reached skill level 1 in Ice Magic
   645 | D:3      | Reached skill level 1 in Air Magic
   645 | D:3      | Reached skill level 1 in Earth Magic
   645 | D:3      | Reached skill level 1 in Poison Magic
   653 | D:3      | Learned a level 3 spell: Vampiric Draining
  1701 | D:2      | Found a snail-covered altar of Cheibriados.
  1868 | D:2      | Found an ornate altar of the Wu Jian Council.
  2012 | D:2      | Noticed a +0 dagger
  2013 | D:2      | Found a hide-covered altar of Uskayaw.
  2015 | D:2      | Noticed a -3 dagger
  2032 | D:2      | Reached XP level 5. HP: 34/37 MP: 12/12
  2421 | D:3      | Killed a phantom
  2422 | D:3      | Reached XP level 6. HP: 15/44 MP: 13/13
  2662 | D:3      | Found a runed translucent door.
  2662 | D:3      | Noticed a human
  2666 | D:3      | Found a basalt altar of Yredelemnul.
  2690 | D:3      | Killed a human
  2691 | D:3      | Reached skill level 5 in Dodging
  2892 | D:3      | Reached * piety under Kikubaaqudgha
  2892 | D:3      | Identified Kikubaaqudgha's Collected Works on Dark Secrets
                  | (Kikubaaqudgha gifted it to you on level 3 of the Dungeon)
  2892 | D:3      | Received a gift from Kikubaaqudgha
  2900 | D:3      | Learned a level 5 spell: Agony
  3033 | D:3      | You fall into a shaft and drop 3 floors!
  3047 | D:6      | Reached XP level 7. HP: 45/50 MP: 4/15
  3208 | D:5      | Entered Level 5 of the Dungeon
  3252 | D:6      | Learned a level 2 spell: Sublimation of Blood
  3558 | D:6      | Reached skill level 5 in Stealth
  3560 | D:6      | Killed from afar by an orc priest

Illustrated notes

Levels and vault maps discovered:
D:1:      dpeg_arrival_tiny_j, layout_loops_cross
D:2:      layout_loops_corners, dancing_weapons_uskayaw, lemuel_round_altar,
          general_overflow_altar, grunt_ministairs_10
D:3:      layout_basic, gammafunk_ghost_necromancy, dk_yredelemnul_ordeal
D:4:      layout_basic, kiku_gazebo_garden_becter
D:5:      layout_rooms, kennysheep_mini_moat, hangedman_ru_absence,
          minmay_temple_entry_waves, gup_sewer_entry_bowl, uniq_prince_ribbit1
D:6:      layout_basic

Skill      XL: |  1  2  3  4  5  6  7 |
---------------+----------------------+-----
Spellcasting   | 5 |  5.7
Invocations    | 1 2 |  2.9
Fighting       | 1 2 |  2.6
Short Blades   | 1 2 |  2.6
Long Blades    | 1 2 |  2.6
Axes           | 1 2 |  2.6
Maces & Flails | 1 2 |  2.6
Polearms       | 1 2 |  2.6
Staves         | 1 2 |  2.6
Slings         | 1 2 |  2.6
Bows           | 1 2 |  2.6
Crossbows      | 1 2 |  2.6
Throwing       | 1 2 |  2.6
Armour         | 1 2 |  2.6
Shields        | 1 2 |  2.6
Unarmed Combat | 1 2 |  2.6
Evocations     | 1 2 |  2.6
Conjurations   | 1 2 |  2.1
Hexes          | 1 2 |  2.1
Summonings     | 1 2 |  2.1
Translocations | 1 2 |  2.1
Transmutations | 1 2 |  2.1
Fire Magic     | 1 2 |  2.1
Ice Magic      | 1 2 |  2.1
Air Magic      | 1 2 |  2.1
Earth Magic    | 1 2 |  2.1
Poison Magic   | 1 2 |  2.1
Dodging        | 5 |  5.3
Stealth        | 5 |  5.0
Necromancy     | |  7.4

Action                   |  1- 3 |  4- 6 |  7- 9 || total
-------------------------+-------+-------+-------++-------
Melee: Dagger            |    23 |    60 |    27 ||   110
       Bite              |     1 |     3 |     2 ||     6
 Cast: Pain              |    18 |    26 |    18 ||    62
       Animate Skeleton  |     3 |     1 |       ||     4
       Vampiric Draining |       |     2 |       ||     2
       Agony             |       |     1 |       ||     1
       Sublimation of Bl |       |       |     2 ||     2
  Use: Scroll            |     4 |       |     5 ||     9
       Potion            |       |       |     1 ||     1
 Stab: Sleeping          |     3 |    12 |       ||    15
Armor: Robe              |       |     3 |     2 ||     5
Dodge: Dodged            |    13 |    22 |    20 ||    55
